AoeStats
← [Nors] ImSimon

African Clearing

510614812Analyzed
4v4 RM · 1d ago on Oct 1, 2026· 49m 24s· 8 players
Game mode
Random Map
Map size
Large (8 player)
Population
200
Speed
Normal
Resources
Standard
Victory
Conquest
Starting age
Dark Age
Ending age
Imperial Age
RankedLock teamsTeams togetherTeam positionsShared explorationLock speedFull tech treeHidden civsTurbo modeCheats
Victory
Defeat
🇳🇴 Slavs · Norway
1687
+11
🇳🇴 Huns · Norway
1662
+12
🇳🇴 Maya · Norway
1656
+12
🇳🇴 Malians · Norway
1655
+12
🇬🇧 Turks · United Kingdom
1599
-14
🇲🇽 Poles · Mexico
1584
-12
🇧🇷 Koreans · Brazil
1559
-11
🇧🇷 Cumans · Brazil
1516
-10
[KOF] santander
4:23 Loom
11:23 Feudal Age
12:08 Double-Bit Axe
14:34 Forging
15:06 Town Watch
21:22 Castle Age
20:06 Gold Mining
20:41 Bloodlines
20:53 Scale Barding Armor
22:37 Chain Barding Armor
22:02 Light Cavalry
29:02 Husbandry
29:35 Horse Collar
33:37 Wheelbarrow
33:45 Bow Saw
35:43 Heavy Plow
39:17 Imperial Age
37:36 Iron Casting
37:13 Szlachta Privileges
38:08 Hand Cart
39:26 Cavalier
42:19 Conscription
43:26 Blast Furnace
42:17 Fletching
44:01 Winged Hussar
45:23 Bodkin Arrow
AJC
3:18 Loom
13:05 Feudal Age
15:06 Double-Bit Axe
16:12 Wheelbarrow
16:21 Bloodlines
31:03 Horse Collar
38:19 Castle Age
39:42 Bow Saw
39:33 Heavy Plow
Voxer El Brazilian
9:47 Loom
12:01 Feudal Age
16:04 Castle Age
14:41 Double-Bit Axe
18:40 Bow Saw
18:44 Fletching
19:25 Bodkin Arrow
25:05 Ballistics
26:31 Wheelbarrow
32:14 Hand Cart
33:26 Husbandry
39:15 Imperial Age
36:36 Horse Collar
37:28 Heavy Plow
37:21 Gold Mining
37:21 Stone Mining
39:03 Gold Shaft Mining
39:03 Stone Shaft Mining
40:00 Bracer
41:03 Chemistry
40:33 Elite War Wagon
42:41 Conscription
44:00 Treadmill Crane
MAZZUCCO
10:04 Loom
12:15 Feudal Age
17:33 Double-Bit Axe
28:11 Castle Age
28:37 Capped Ram
29:30 Fletching
37:22 Horse Collar
38:21 Bodkin Arrow
41:13 Pikeman
41:54 Squires
42:41 Wheelbarrow
42:17 Bow Saw
42:08 Heavy Plow
42:34 Scale Mail Armor
43:05 Town Watch
45:14 Chain Mail Armor
44:48 Arson
45:37 Forging
51:39 Imperial Age
[Nors] OG DADDY
9:54 Loom
12:11 Feudal Age
13:11 Double-Bit Axe
17:30 Padded Archer Armor
17:58 Forging
22:00 Scale Mail Armor
22:49 Scale Barding Armor
27:27 Castle Age
25:36 Horse Collar
27:40 Bloodlines
27:34 Light Cavalry
28:15 Husbandry
28:42 Bow Saw
29:10 Wheelbarrow
32:46 Chain Barding Armor
34:58 Heavy Plow
37:39 Iron Casting
42:32 Imperial Age
40:26 Detinets
41:04 Gold Mining
41:05 Stone Mining
42:32 Gold Shaft Mining
42:19 Hand Cart
42:54 Elite Boyar
43:56 Conscription
44:12 Plate Barding Armor
44:41 Blast Furnace
[Nors] Laksen ><(((º>
3:00 Loom
12:26 Feudal Age
14:04 Double-Bit Axe
17:41 Forging
17:40 Scale Barding Armor
22:50 Castle Age
26:04 Fletching
28:37 Bow Saw
43:28 Bodkin Arrow
[Nors]Zanato
3:40 Loom
14:27 Feudal Age
15:17 Double-Bit Axe
18:04 Castle Age
17:06 Fishing Lines
19:18 Bow Saw
21:11 Fletching
23:09 Horse Collar
30:43 Stone Mining
30:46 Gold Mining
31:34 Town Watch
32:24 Wheelbarrow
35:47 Imperial Age
33:35 Bloodlines
33:28 Husbandry
34:31 Scale Barding Armor
34:36 Forging
34:53 Tigui
36:25 Chain Barding Armor
37:01 Farimba
36:45 Heavy Camel Rider
38:34 Plate Barding Armor
39:45 Iron Casting
39:31 Heavy Plow
41:41 Town Patrol
43:23 Chemistry
42:20 Bodkin Arrow
42:07 Light Cavalry
42:07 Cavalier
42:49 Treadmill Crane
43:48 Coinage
45:04 Ballistics
46:27 Stone Shaft Mining
47:45 Hand Cart
48:29 Conscription
48:45 Hoardings
48:21 Masonry
[Nors] ImSimon
10:25 Loom
12:46 Feudal Age
16:51 Castle Age
16:17 Double-Bit Axe
17:44 Bow Saw
18:20 Horse Collar
19:19 Fletching
21:28 Bodkin Arrow
22:16 Padded Archer Armor
22:14 Gold Mining
26:03 Leather Archer Armor
25:42 Town Watch
30:33 Wheelbarrow
32:55 Stone Mining
33:49 Thumb Ring
34:17 Ballistics
34:30 Hand Cart
35:39 Stone Shaft Mining
36:16 Elite Skirmisher
40:47 Imperial Age
40:16 Heavy Plow
41:29 Bracer
42:31 Chemistry
42:40 Conscription
43:11 Ring Archer Armor
43:55 Two-Man Saw
43:28 Coinage
43:48 Conscription
43:29 Hul'che Javelineers
43:32 Elite Plumed Archer
46:02 Pikeman
46:43 Squires
46:44 Scale Mail Armor
46:54 Forging
46:43 Halberdier
47:39 Chain Mail Armor
50:08 Plate Mail Armor
50:13 Iron Casting
Connection lost

Rejoining the realm…

Still unreachable

The connection could not be restored.

Session expired

The server has moved on; the page needs a fresh start.